 Dungeon Crawl Stone Soup version 0.30-a0-949-g53dc5368d7 (webtiles) character file.

Game seed: 401361119817088497

1402943 bakla the Sage (level 25, 166/166 (169) HPs)
             Began as a Deep Elf Summoner on Mar 26, 2023.
             Was a High Priest of Sif Muna.
             Escaped with the Orb
             ... and 3 runes on Mar 28, 2023!
             The game lasted 05:35:36 (99907 turns).

bakla the Sage (Deep Elf Summoner)                 Turns: 99907, Time: 05:35:37

HP:   166/166 (169) AC: 35    Str:  7    XL:     25   Next: 90%
MP:   50/51         EV: 21    Int: 36    God:    Sif Muna [*****.]
Gold: 6511          SH:  7    Dex: 15    Spells: 9/69 levels left

rFire   + + .      SeeInvis .    v - +6 short sword of Yshryrchekh {drain, rF++ rCorr Int+3}
rCold   + . .      Faith    .    Y - +2 buckler {AC+3}
rNeg    . . .      Spirit   .    F - +4 troll leather armour
rPois   +          Reflect  .    e - +2 helmet
rElec   .          Rampage  .    b - +4 dragonskin cloak
rCorr   +                        l - +2 pair of gloves {Stlth+}
Will    ++...                    c - +1 pair of boots
Stlth   +                        Z - amulet of regeneration
HPRegen 2.07/turn                T - ring of protection from cold
MPRegen 0.32/turn                y - ring of Kala Kirgh {rPois AC+4 Str+2}

@: lightly drained
A: iridescent scales 2, poison resistance
0: Orb of Zot
}: 3/15 runes: decaying, slimy, gossamer
a: Renounce Religion, Channel Magic, Forget Spell, Divine Exegesis


You escaped.
You worshipped Sif Muna.
Sif Muna was extremely pleased with you.
You visited 12 branches of the dungeon, and saw 55 of its levels.
You also visited: Ossuary and Wizlab.

You collected 7893 gold pieces.
You spent 1382 gold pieces at shops.

Inventory:

Hand Weapons
 v - the +6 short sword of Yshryrchekh (weapon) {drain, rF++ rCorr Int+3}
   (You found it on level 5 of the Pits of Slime)

   Int:       It affects your intelligence (+3).
   rF:        It greatly protects you from fire.
   rCorr:     It protects you from acid and corrosion.
Missiles
 i - 9 curare-tipped darts
 M - 4 throwing nets
Armour
 b - the +4 dragonskin cloak (worn)
   (You took it off Tiamat on level 4 of the Realm of Zot)

   Avatar's Aegis: It grants the wearer a chance to resist fire, cold, poison,
   electricity, acid, and negative energy.
 c - a +1 pair of boots (worn)
 e - a +2 helmet (worn)
 g - a +0 kite shield of resistance
 l - a +2 pair of gloves of stealth (worn)
 F - a +4 troll leather armour (worn)
 Y - a +2 buckler of protection (worn)
Magical Staves
 a - the staff of air "Kipat" {rElec rPois Will+}
   (You took it off a wizard on level 2 of the Depths)

   [staff of air]

   Base accuracy: +5 Base damage: 5 Base attack delay: 1.2 This weapon's minimum
   attack delay (0.6) is reached at skill level 12.
   rElec:     It insulates you from electricity.
   rPois:     It protects you from poison.
   Will:      It increases your willpower.
   It falls into the 'Staves' category.
   It is a one-handed weapon.
Jewellery
 y - the ring of Kala Kirgh (right hand) {rPois AC+4 Str+2}
   (You found it on level 5 of the Pits of Slime)

   [ring of protection]

   AC:        It affects your AC (+4).
   Str:       It affects your strength (+2).
   rPois:     It protects you from poison.
 J - a ring of wizardry
 N - a ring of see invisible
 P - a ring of willpower
 R - a ring of resist corrosion
 T - a ring of protection from cold (left hand)
 Z - an amulet of regeneration (around neck)
Wands
 h - a wand of quicksilver (7)
 G - a wand of digging (6)
 S - a wand of roots (29)
Scrolls
 d - 8 scrolls of amnesia
 f - 5 scrolls of poison
 m - a scroll of magic mapping
 o - 5 scrolls of enchant weapon
 p - 11 scrolls of teleportation
 s - 3 scrolls of blinking
 u - 9 scrolls of fog
 w - 4 scrolls of immolation
 x - a scroll of silence
 I - 8 scrolls of fear
 V - 3 scrolls of summoning
Potions
 j - 7 potions of berserk rage
 k - 4 potions of resistance
 q - 10 potions of might
 r - 13 potions of attraction
 t - 4 potions of lignification
 z - 14 potions of curing
 B - 7 potions of flight
 C - 4 potions of brilliance
 D - 7 potions of mutation
 E - 5 potions of heal wounds
 H - a potion of magic
 L - 4 potions of cancellation
 O - 3 potions of invisibility
 Q - 11 potions of ambrosia
 U - 3 potions of haste
Miscellaneous
 n - a phial of floods
 A - a phantom mirror
 K - a condenser vane
 W - a box of beasts
 X - a lightning rod (4/4)


   Skills:
 + Level 20.6 Fighting
 + Level 9.0 Armour
 - Level 19.0 Dodging
 - Level 2.4 Stealth
 - Level 4.0 Shields
 + Level 22.8 Spellcasting
 - Level 7.4 Conjurations
 - Level 23.0 Summonings
 - Level 8.0 Necromancy
 - Level 8.0 Translocations
 - Level 3.0 Air Magic
 - Level 3.0 Earth Magic
 - Level 23.1 Invocations


You had 9 spell levels left.
You knew the following spells:

 Your Spells              Type           Power      Damage    Failure   Level
a - Iron Shot             Conj/Erth      34%        9d7       21%         6
b - Summon Horrible Thin  Summ           58%        N/A       1%          8
c - Haunt                 Necr/Summ      50%        N/A       1%          7
d - Monstrous Menagerie   Summ           58%        N/A       1%          7
e - Blink                 Tloc           100%       N/A       1%          2
f - Summon Cactus Giant   Summ           58%        N/A       0%          6
g - Summon Forest         Summ/Tloc      50%        N/A       1%          5
h - Summon Mana Viper     Hex/Summ       89%        N/A       1%          5
i - Spellforged Servitor  Conj/Summ      50%        N/A       1%          7
j - Malign Gateway        Summ/Tloc      50%        N/A       1%          7

Your spell library contained the following spells:

 Spells                   Type           Power      Damage    Failure   Level
 Summon Small Mammal      Summ           100%       N/A       0%          1
 Call Imp                 Summ           100%       N/A       0%          2
 Call Canine Familiar     Summ           100%       N/A       0%          3
 Apportation              Tloc           100%       N/A       1%          1
 Foxfire                  Conj/Fire      100%       2x1d9     1%          1
 Freeze                   Ice            100%       1d10      1%          1
 Kiss of Death            Conj/Necr      100%       2d13      1%          1
 Magic Dart               Conj           100%       1d8       1%          1
 Necrotise                Necr           100%       1d9       1%          1
 Sandblast                Erth           100%       2d20      1%          1
 Shock                    Conj/Air       100%       1d9       1%          1
 Slow                     Hex            100%       N/A       1%          1
 Sting                    Tmut/Pois      100%       1d8       1%          1
 Cigotuvi's Dreadful Rot  Necr/Pois/Air  100%       N/A       1%          2
 Ensorcelled Hibernation  Hex/Ice        82%        N/A       1%          2
 Lesser Beckoning         Tloc           100%       N/A       1%          2
 Momentum Strike          Conj/Tloc      100%       3d10      1%          2
 Passwall                 Tmut/Erth      42%        N/A       1%          2
 Poisonous Vapours        Pois/Air       100%       N/A       1%          2
 Searing Ray              Conj           100%       2d8       1%          2
 Static Discharge         Conj/Air       100%       2-7/arc   1%          2
 Sublimation of Blood     Necr           78%        N/A       1%          2
 Wereblood                Tmut           41%        N/A       1%          2
 Dazzling Flash           Conj/Hex       100%       N/A       1%          3
 Gell's Gravitas          Tloc           78%        N/A       1%          3
 Hailstorm                Conj/Ice       61%        3d13      1%          3
 Kindle Blastsparks       Fire/Tloc/Air  100%       2d18      1%          3
 Mephitic Cloud           Conj/Pois/Air  60%        N/A       1%          3
 Portal Projectile        Hex/Tloc       100%       N/A       1%          3
 Stone Arrow              Conj/Erth      100%       3d13      1%          3
 Summon Guardian Golem    Hex/Summ       89%        N/A       1%          3
 Swiftness                Air            58%        N/A       1%          3
 Teleport Other           Tloc           78%        N/A       1%          3
 Vampiric Draining        Necr           78%        2d11      1%          3
 Vhi's Electric Charge    Tloc/Air       100%       N/A       1%          3
 Animate Armour           Summ/Erth      100%       N/A       1%          4
 Animate Dead             Necr           78%        N/A       1%          4
 Dispel Undead            Necr           78%        3d26      1%          4
 Iskenderun's Mystic Bla  Conj/Tloc      77%        2d15      1%          4
 Manifold Assault         Tloc           78%        N/A       1%          4
 Passage of Golubria      Tloc           78%        N/A       1%          4
 Summon Ice Beast         Ice/Summ       89%        N/A       1%          4
 Summon Lightning Spire   Summ/Air       94%        N/A       1%          4
 Agony                    Necr           78%        N/A       1%          5
 Iskenderun's Battlesphe  Conj           76%        2d12      1%          5
 Summon Hydra             Summ           58%        N/A       1%          7
 Anguish                  Hex/Necr       31%        N/A       2%          4
 Flame Wave               Conj/Fire      61%        2d14      2%          4
 Fulminant Prism          Conj/Hex       30%        3d16      2%          4
 Sticky Flame             Conj/Fire      61%        2d8       2%          4
 Confusing Touch          Hex            41%        N/A       3%          3
 Frozen Ramparts          Ice            82%        1d13      3%          3
 Ignite Poison            Fire/Tmut/Pois 41%        N/A       3%          3
 Inner Flame              Hex/Fire       41%        N/A       3%          3
 Ozocubu's Armour         Ice            41%        N/A       3%          3
 Spider Form              Tmut/Pois      41%        N/A       3%          3
 Tukima's Dance           Hex            41%        N/A       3%          3
 Airstrike                Air            29%        2d(5-21)  3%          4
 Arcjolt                  Conj/Air       34%        1d44      3%          5
 Borgnjor's Vile Clutch   Necr/Erth      34%        N/A       3%          5
 Leda's Liquefaction      Hex/Erth       25%        N/A       6%          4
 Petrify                  Tmut/Erth      51%        N/A       6%          4
 Death Channel            Necr           39%        N/A       6%          6
 Dispersal                Tloc           39%        N/A       6%          6
 Fireball                 Conj/Fire      30%        3d13      7%          5
 Irradiate                Conj/Tmut      30%        3d21      7%          5
 Freezing Cloud           Conj/Ice/Air   30%        6-21      8%          5
 Lee's Rapid Deconstruct  Erth           29%        3d15*     9%          5
 Dragon's Call            Summ           58%        N/A       9%          9
 Olgreb's Toxic Radiance  Pois           41%        N/A       11%         4
 Plasma Beam              Fire/Air       25%        2x1d41    17%         5
 Silence                  Hex/Air        25%        N/A       17%         5
 Conjure Ball Lightning   Conj/Air       34%        3x3d11    21%         6
 Alistair's Intoxication  Tmut/Pois      27%        N/A       30%         5
 Blade Hands              Tmut           20%        N/A       30%         5
 Metabolic Englaciation   Hex/Ice        20%        N/A       30%         5
 Yara's Violent Unravell  Hex/Tmut       20%        3d9       30%         5
 Simulacrum               Ice/Necr       31%        N/A       32%         6
 Starburst                Conj/Fire      30%        6d9       36%         6
 Orb of Destruction       Conj           38%        9d11      41%         7
 Eringya's Noxious Bog    Tmut/Pois      20%        N/A       86%         6
 Borgnjor's Revivificati  Necr           39%        N/A       95%         8
 Disjunction              Tloc           39%        N/A       95%         8
 Infestation              Necr           39%        N/A       95%         8
 Storm Form               Tmut/Air       25%        N/A       99%         7
 Dragon Form              Tmut           20%        N/A       100%        7
 Enfeeble                 Hex            20%        N/A       100%        7
 Ozocubu's Refrigeration  Ice            20%        4d12      100%        7
 Ignition                 Fire           20%        3d7       100%        8
 Lehudib's Crystal Spear  Conj/Erth      34%        10d9      100%        8
 Maxwell's Capacitive Co  Air            29%        ∞         100%        8
 Necromutation            Tmut/Necr      31%        N/A       100%        8
 Chain Lightning          Conj/Air       34%        3d45      100%        9
 Death's Door             Necr           39%        N/A       100%        9
 Fire Storm               Conj/Fire      30%        8d8       100%        9
 Polar Vortex             Ice            20%        N/A       100%        9


Dungeon Overview and Level Annotations

Branches:
Dungeon (15/15)            Temple (1/1) D:5            Lair (5/5) D:10
  Swamp (4/4) Lair:3       Spider (4/4) Lair:2        Slime (5/5) Lair:4
    Orc (2/2) D:10            Elf (3/3) Orc:2        Vaults (4/5) D:14
  Crypt (3/3) Vaults:2       Tomb (0/3) Crypt:3      Depths (4/4) D:15
    Zot (5/5) Depths:4    Ossuary (visited)          WizLab (visited)

Altars:
Ashenzari
Cheibriados
Dithmenos
Elyvilon
Fedhas
Gozag
Hepliaklqana
Kikubaaqudgha
Makhleb
Nemelex Xobeh
Okawaru
Qazlal
Ru
Sif Muna
Trog
Uskayaw
Vehumet
Wu Jian
Xom
Yredelemnul
Zin
The Shining One
Jiyva

Shops:
D:3 *   D:10 (   D:13 :   D:14 [   Orc:2 (([   Elf:2 =*:*   Vaults:3 *
Zot:5 *   Depths:1 (   Depths:2 :=:

Portals:
Hell: Depths:1 Depths:2 Depths:3 Depths:4
Abyss: Depths:1 Depths:2 Depths:3
Pandemonium: Depths:1 Depths:2
Ziggurat: Depths:3
Trove: Vaults:3 (give 8 potions of haste)

Annotations:
D:3 2 transporters, Tollund's ghost, amateur OpTm
D:14 1 runed translucent door, Uummannaq's ghost, journeyman MiFi
Elf:2 3 runed translucent doors
Zot:2 exclusion: 2 upstairs
Zot:3 exclusion: upstairs
Zot:5 exclusion: upstairs


Innate Abilities, Weirdness & Mutations

You are mostly covered in iridescent scales. (AC +4)
Your system is resistant to poisons. (rPois)


Message History

Your large abomination completely misses the angel.
The daeva hits your large abomination with a +3 long sword of holy wrath!
Your large abomination convulses.
The daeva hits your large abomination with a +3 long sword of holy wrath!
Your large abomination convulses.
Your large abomination hits the angel but does no damage.
Something completely misses your large abomination.
Something hits your large abomination.
Your large abomination convulses!
The angel hits your large abomination with a +3 sacred scourge of holy wrath!
Your large abomination convulses.
The angel hits your large abomination with a +3 sacred scourge of holy wrath!
Your large abomination convulses!
Unknown command.
A Hell Sentinel comes into view.
The Hell Sentinel roars!
The angel hits your large abomination with a +3 sacred scourge of holy wrath!
Your large abomination is destroyed!
Your large abomination disappears in a puff of smoke!
Your tentacled monstrosity completely misses the angel.
Your tentacled monstrosity tentacle-slaps the angel!
Your tentacled monstrosity misses the angel.
Your tentacled monstrosity completely misses the angel.
A hell beast comes into view.
Your large abomination completely misses the angel.
Your large abomination hits the Hell Sentinel!!
A red devil comes into view. It is wielding a +0 trident.
There is a stone staircase leading up here.
You climb upwards.
There is a stone staircase leading down here.
(D) Dungeon (T) Temple (L) Lair (S) Swamp (N) Spider Nest (M) Slime Pits (O) Orcish Mines (E) Elven Halls (V) Vaults (C) Crypt (W) Tomb (U) Depths (H) Hell (Z) Zot
Where to? (Enter - D:1 @ (x,y), ? - help)
Your extra speed is starting to run out.
You feel yourself slow down.
There is a staircase leading out of the dungeon here.
There is a staircase leading out of the dungeon here.
You can't go down here!
You have escaped!

......#######.............#......
......######......##......#....##
......##..................#....##
.........#..######........#......
.........#..######..#####........
.........##........##...#.....###
.........##.######.##...#.....+..
......#####.#....#.##.........##.
..........#.#.#.@#.#...........##
..........#.#.####.#.#.........##
#.........#.#......#.####......##
#.........#.########......#.##.##
'.....(...#..........###..#.##.##
#...........#######..# #..#.##.##
#######.....#######..# #..#.##...
#..............# #..#.##.##
##############.# #..#.##.#


There were no monsters in sight!

Vanquished Creatures
  2 acid blobs (Slime:5)
  A draconian monk (Zot:4)
  A draconian knight (Zot:4)
  4 azure jellies (Slime:5)
  A ghost moth (Spider:4)
  An emperor scorpion (Spider:4)
  A draconian scorcher (Zot:4)
  2 draconian shifters (Zot:4)
  A quicksilver ooze (Slime:5)
  A very ugly thing (Vaults:3)
  A black draconian (Zot:4)
  A yellow draconian (Zot:4)
  2 spark wasps (Spider:4)
  A red draconian (Zot:4)
  2 white draconians (Zot:4)
  A boulder beetle (D:11)
  2 orc high priests (Orc:2)
  A skeletal warrior (Crypt:3)
  A wizard (D:15)
  An orc knight (Orc:2)
  A deep elf zephyrmancer (Elf:1)
  A moth of wrath (Spider:4)
  A black mamba (Lair:5)
  A nameless horror (Depths:1)
  A troll (D:7)
  3 hornets (Spider:4)
  A culicivora (Spider:1)
  A spriggan (Lair:5)
  A fire elemental (D:14)
  A golden eye (Slime:5)
  A redback (Spider:1)
  An orc warrior (D:9)
  3 boggarts (Vaults:3)
  A wolf (Lair:5)
  A centaur (D:7)
  A killer bee (D:7)
  A howler monkey (D:12)
  An electric eel (D:13)
  An iguana (D:5)
  3 orcs (D:7)
  A gnoll zombie (Ossuary)
  A bat (D:3)
  2 rats (D:1)
58 creatures vanquished.

Vanquished Creatures (collateral kills)
  the Royal Jelly (Slime:5)
  Tiamat (Zot:4)
  4 ancient liches (Zot:5)
  3 dread liches (Zot:5)
  Mara (Spider:3)
  An orb of fire (Zot:5)
  A juggernaut (Depths:4)
  4 royal mummies (Crypt:3)
  3 Killer Klowns (Zot:5)
  Bai Suzhen (Depths:1)
  Frederick (Vaults:4)
  Nikola (Elf:2)
  8 caustic shrikes
  A profane servitor (D:10)
  2 bone dragons
  4 golden dragons
  Jory (Vaults:2)
  the Enchantress (Depths:2)
  Arachne (Spider:4)
  2 electric golems (Zot:5)
  23 Orb Guardians (Zot:5)
  2 Ice Fiends
  A walking crystal tome (Depths:4)
  Jorgrun (Swamp:1)
  A tentacled monstrosity (Zot:4)
  A walking earthen tome (Depths:1)
  2 deep elf master archers (Elf:3)
  Mlioglotl (Swamp:1)
  A walking divine tome (Depths:1)
  2 deep elf blademasters (Elf:3)
  2 titans
  A lich (Crypt:1)
  A walking frostbound tome (Depths:1)
  Asterion (Spider:2)
  20 acid blobs
  2 quicksilver dragons
  2 death cobs
  8 ancient champions
  2 thorn hunters (Swamp:4)
  3 sphinxes
  9 eldritch tentacles
  The ghost of Enkazo Toplu the Bludgeoner, an adept AtWr of Ashenzari (Swamp:2)
  2 shadow dragons
  Kirke (D:14)
  3 tengu reavers (Depths:2)
  Agnes (Spider:2)
  Donald (Spider:1)
  3 fenstrider witches
  5 revenants
  7 fire giants
  6 frost giants
  A draconian monk (Zot:5)
  11 storm dragons
  A nargun (Depths:1)
  6 azure jellies
  9 rockslimes
  A draconian knight (Zot:5)
  4 deep elf sorcerers
  2 draconian shifters
  3 draconian scorchers
  Louise (Swamp:1)
  13 vault wardens
  2 balrugs (Depths:1)
  A deep elf elementalist (Elf:2)
  A spectral caustic shrike (WizLab)
  4 reapers
  An iron dragon (Depths:4)
  A draconian stormcaller (Depths:4)
  11 ghouls
  2 draconian annihilators
  3 curse skulls
  3 ghost moths
  3 war gargoyles
  3 spriggan defenders (Depths:2)
  13 stone giants
  A broodmother (Spider:3)
  5 green draconians
  9 ironbound preservers
  11 quicksilver oozes
  25 very ugly things
  10 vampire knights
  2 ironbound thunderhulks
  A lorocyproca (Depths:1)
  9 deep elf demonologists
  5 spark wasps
  3 black draconians (Zot:5)
  Azrael (D:14)
  6 halazid warlocks (WizLab)
  4 eleionomae
  3 red draconians
  4 bunyips
  26 dire elephants
  5 purple draconians
  8 deep elf annihilators
  3 yellow draconians
  9 ettins
  A bunyip (shapeshifter) (D:14)
  5 white draconians
  6 eidola
  8 fire dragons
  11 deep elf death magi
  12 great orbs of eyes
  Josephine (D:14)
  3 deep elf high priests
  13 jiangshi
  5 crystal guardians
  9 yaktaur captains
  An entropy weaver (Spider:4)
  6 mummy priests (Crypt:3)
  2 spriggan zombies
  8 vault guards
  7 ice dragons
  Harold (D:11)
  A ghost crab (Swamp:2)
  4 spriggan air magi
  A catoblepas (shapeshifter) (Depths:4)
  15 hydras
  12 ironbound frosthearts
  7 boulder beetles
  3 hell beasts
  5 peacekeepers
  3 ogre magi
  8 centaur warriors
  9 two-headed ogres
  2 jorogumos
  12 dancing weapons
  5 death knights
  Erica (D:8)
  9 alligators
  2 fenstrider witch skeletons
  A quicksilver ooze zombie (Crypt:3)
  10 vampire magi
  6 death yaks (Lair:5)
  8 tengu warriors
  4 titan zombies
  3 deep troll shamans
  Urug (Lair:2)
  2 hell knights
  2 orc high priests
  A soul eater (Crypt:1)
  25 skeletal warriors
  10 deep elf knights
  A skyshark (Lair:5)
  3 shadow wraiths
  A fire crab (Swamp:4)
  5 iron trolls
  4 pharaoh ants
  A sixfirhy (Depths:1)
  An anaconda zombie (Crypt:2)
  A quicksilver dragon simulacrum (Depths:4)
  2 spectral spark wasps (WizLab)
  4 spriggan druids
  5 orb spiders
  A glowing orange brain (shapeshifter) (Depths:2)
  4 flayed ghosts
  4 glowing orange brains
  A spark wasp zombie (WizLab)
  6 bog bodies
  A sun moth (Spider:4)
  A storm dragon skeleton (Crypt:1)
  12 wizards
  17 deep trolls
  7 goliath frogs
  A sea snake (shapeshifter) (Depths:4)
  A bunyip skeleton (Crypt:2)
  11 swamp dragons
  18 lindwurms
  18 deep elf zephyrmancers
  14 phantasmal warriors
  4 fenstrider witch simulacra
  Pikel (D:8)
  6 orc knights
  8 necromancers
  A wolf spider zombie (WizLab)
  16 ironbound convokers
  24 deep elf pyromancers
  9 deep elf archers
  A harpy (Vaults:4)
  6 orc sorcerers
  3 spectral spriggans (Swamp:2)
  37 ugly things
  A frost giant zombie (Depths:1)
  3 steelbarb worms
  An iron dragon zombie (Crypt:2)
  26 wolf spiders
  4 cyclopes
  6 shining eyes
  A toenail golem (Zot:4)
  15 elephants
  Maurice (D:8)
  3 will-o-the-wisps
  A naga zombie (Crypt:2)
  A stone giant skeleton (Crypt:1)
  4 black mambas
  11 moths of wrath
  Joseph (Lair:1)
  An eye of devastation (Slime:5)
  3 rust devils (Depths:1)
  18 vault sentinels
  A gargoyle (D:11)
  An orange demon (Depths:1)
  13 cane toads
  6 demonic crawlers
  17 freezing wraiths (Crypt:1)
  A centaur skeleton (Crypt:3)
  12 torpor snails
  3 kobold demonologists (D:11)
  27 yaktaurs
  7 tengu conjurers
  An anaconda simulacrum (Crypt:2)
  A rime drake (Lair:4)
  7 komodo dragons
  A mana viper zombie (Crypt:3)
  2 red devils
  10 guardian mummies (Crypt:3)
  A troll (shapeshifter) (D:14)
  A harpy zombie (WizLab)
  A polar bear (shapeshifter) (D:15)
  5 trolls
  4 polar bears (Lair:5)
  Prince Ribbit (D:7)
  6 meliai (D:13)
  24 hornets
  22 tarantellas
  13 tyrant leeches
  A raiju (shapeshifter) (Vaults:1)
  A guardian serpent zombie (Crypt:3)
  A stone giant simulacrum (Crypt:1)
  3 dream sheep
  A meliai zombie (Crypt:3)
  A radroach zombie (Crypt:1)
  22 jumping spiders
  A fire dragon zombie (Crypt:2)
  4 air elementals
  22 culicivoras
  106 slime creatures
  4 wyverns
  A fire dragon skeleton (Crypt:2)
  A guardian serpent skeleton (Crypt:1)
  A culicivora (shapeshifter) (D:15)
  2 centaur simulacra
  A shapeshifter (Slime:1)
  2 ynoxinuls
  15 flying skulls
  29 spriggans
  4 water elementals
  4 vampires
  A hog (shapeshifter) (Elf:3)
  16 wraiths
  2 hogs (D:14)
  38 redbacks
  A black mamba skeleton (Crypt:1)
  61 yaks
  23 vampire mosquitoes
  3 golden eyes
  4 basilisks
  A neqoxec (Depths:1)
  3 steam dragons (D:7)
  3 fire elementals
  A water nymph zombie (Crypt:3)
  2 death drake simulacra (Swamp:2)
  A glowing shapeshifter zombie (Depths:1)
  5 wargs
  2 harpy simulacra
  15 swamp worms
  11 water moccasins
  An acid dragon (D:10)
  Duvessa (D:7)
  A water nymph skeleton (Crypt:1)
  3 hell hounds
  11 swamp drakes
  A dream sheep zombie (Crypt:2)
  14 orc warriors
  5 black bears
  A black mamba simulacrum (Crypt:1)
  5 ice beasts
  An ettin simulacrum (Crypt:1)
  A glowing shapeshifter skeleton (Depths:1)
  4 spriggan simulacra
  5 boggarts
  6 centaurs
  7 ogres
  A centaur (shapeshifter) (D:15)
  17 wolves
  2 lemures (D:8)
  A phantom (D:7)
  3 kobold brigands
  15 bullfrogs
  5 necrophages
  A gnoll sergeant (D:10)
  8 scorpions
  A komodo dragon skeleton (Crypt:3)
  3 earth elementals
  3 naga simulacra (Crypt:1)
  3 water moccasin zombies (D:5)
  4 wights
  A wyvern skeleton (Crypt:2)
  Dowan (D:7)
  A cyclops skeleton (Crypt:2)
  A killer bee (D:7)
  A spriggan skeleton (Crypt:3)
  6 howler monkeys
  13 nameless horrors
  4 electric eels
  A lava snake (Swamp:4)
  A bullfrog zombie (D:5)
  4 centaur zombies
  A hound (D:7)
  A black bear zombie (Crypt:1)
  2 gnoll boudas
  5 jellies
  15 orc priests
  3 iguanas
  A sleepcap (D:6)
  Ijyb (D:3)
  A black bear skeleton (Crypt:3)
  20 orc wizards
  A sky beast zombie (Crypt:2)
  A naga skeleton (Crypt:1)
  6 mummies
  8 adders
  A howler monkey skeleton (Crypt:2)
  11 gnolls
  A swamp drake zombie (Crypt:3)
  A swamp drake skeleton (Crypt:1)
  2 shadow imps (D:7)
  3 white imps
  3 ufetubi
  An adder zombie (D:5)
  An iguana skeleton (Crypt:2)
  A worm (shapeshifter) (Spider:1)
  5 worms
  A dart slug (D:4)
  51 orcs
  3 endoplasms
  3 giant cockroaches
  3 gnoll zombies (Ossuary)
  6 goblins
  5 hobgoblins
  9 jackals
  6 kobolds
  3 quokkas (D:1)
  10 ball pythons
  3 bats
  A frilled lizard (D:3)
  A frilled lizard skeleton (Crypt:1)
  2 goblin zombies (Ossuary)
  3 hobgoblin zombies (Ossuary)
  5 orc zombies
  5 rats
  18 briar patches (Swamp:4)
  A bush (Lair:5)
2052 creatures vanquished.

Vanquished Creatures (others)
  Khufu (Crypt:3)
  108 eldritch tentacles
  A fire giant (Depths:2)
  2 deep elf annihilators (Elf:3)
  A jiangshi (WizLab)
  A deep troll earth mage (Depths:2)
  A deep elf zephyrmancer (Elf:2)
  A lindwurm (Swamp:4)
  An orc sorcerer (Orc:2)
  3 cyclopes (D:7)
  A torpor snail (Spider:3)
  A gargoyle (D:7)
  A titan simulacrum (Crypt:1)
  Maggie (D:7)
  An anaconda simulacrum (Crypt:1)
  2 trolls (D:7)
  A tarantella (Spider:3)
  A bloated husk (Swamp:2)
  A harpy skeleton (Crypt:3)
  An air elemental (Elf:2)
  A flying skull (WizLab)
  2 spriggans
  3 humans (D:14)
  A yak (D:8)
  A redback (Spider:3)
  A warg (Orc:1)
  A cane toad zombie (Crypt:2)
  A water moccasin (D:6)
  3 swamp drakes (Swamp:4)
  An orc warrior (Orc:1)
  3 wolves (Lair:5)
  A bullfrog (D:7)
  5 killer bees (D:7)
  An orc wizard (Orc:2)
  A shadow imp (D:7)
  4 orcs
  3 briar patches (Swamp:4)
  A foxfire (Swamp:2)
  47 fungi
  80 plants
  26 snaplasher vines
  10 withered plants (D:6)
328 creatures vanquished.

Grand Total: 2438 creatures vanquished

Notes
Turn   | Place    | Note
-------+----------+-------------------------------------------
     0 | D:1      | bakla the Deep Elf Summoner began the quest for the Orb.
     0 | D:1      | Reached XP level 1. HP: 10/10 MP: 6/6
     0 | D:1      | Upgraded the game from 0.30-a0-939-gc8157cb160 to
                  | 0.30-a0-948-g4fa250aae5
   141 | D:1      | Reached XP level 2. HP: 16/16 MP: 5/8
   146 | D:1      | Learned a level 2 spell: Call Imp
   650 | D:1      | Reached XP level 3. HP: 20/20 MP: 6/9
   654 | D:1      | Learned a level 3 spell: Call Canine Familiar
  1378 | D:2      | Reached skill level 1 in Fighting
  1799 | D:2      | Reached XP level 4. HP: 25/25 MP: 3/11
  2214 | D:3      | Reached skill level 5 in Summonings
  2378 | D:3      | Learned a level 3 spell: Summon Guardian Golem
  2426 | D:3      | Found a transporter.
  2428 | D:3      | Noticed Tollund's ghost (amateur OpTm)
  2465 | D:3      | Found a transporter.
  2616 | D:3      | Reached XP level 5. HP: 30/30 MP: 10/13
  2738 | D:3      | Noticed Ijyb
  2759 | D:3      | Killed Ijyb
  2934 | D:3      | Found a snail-covered altar of Cheibriados.
  2934 | D:3      | Found a shimmering altar of Xom.
  3083 | D:3      | Found Kurphavu's Assorted Antiques.
  3456 | D:4      | Found a sand-covered staircase.
  3476 | Ossuary  | Entered an ossuary
  3740 | Ossuary  | Reached XP level 6. HP: 35/35 MP: 12/15
  3889 | D:3      | Bought a steel ring for 100 gold pieces
  3889 | D:3      | Bought a scroll labelled XUILEOR GAOCW for 20 gold pieces
  3889 | D:3      | Bought a golden potion for 18 gold pieces
  4147 | D:4      | Learned a level 4 spell: Summon Lightning Spire
  4162 | D:4      | Reached skill level 5 in Spellcasting
  4439 | D:4      | Found a hide-covered altar of Uskayaw.
  4767 | D:5      | Entered Level 5 of the Dungeon
  4956 | D:5      | Found a staircase to the Ecumenical Temple.
  4974 | Temple   | Entered the Ecumenical Temple
  5110 | Temple   | Became a worshipper of Sif Muna the Loreminder
  5211 | D:5      | Noticed an ice beast
  5229 | D:5      | Killed an ice beast
  5230 | D:5      | Reached skill level 5 in Dodging
  5230 | D:5      | Reached XP level 7. HP: 40/40 MP: 4/17
  5596 | D:5      | Found a basalt altar of Yredelemnul.
  5775 | D:5      | Reached skill level 1 in Air Magic
  5869 | D:5      | Found a sparkling altar of Nemelex Xobeh.
  5977 | D:6      | Reached XP level 8. HP: 47/47 MP: 11/19
  6281 | D:6      | Reached * piety under Sif Muna
  6301 | D:6      | Noticed an air elemental
  6302 | D:6      | Found a stormy altar of Qazlal.
  6617 | D:6      | Found an ancient bone altar of Kikubaaqudgha.
  7193 | D:7      | Noticed Prince Ribbit
  7201 | D:7      | Killed Prince Ribbit
  7401 | D:7      | Found a blossoming altar of Fedhas.
  7635 | D:7      | Reached XP level 9. HP: 52/52 MP: 17/22
  7685 | D:7      | Noticed a cyclops
  7685 | D:7      | Noticed a cyclops
  7699 | D:7      | Killed a cyclops
  7713 | D:7      | Killed a cyclops
  7714 | D:7      | Reached skill level 5 in Fighting
  7769 | D:7      | Noticed a cyclops
  7779 | D:7      | Killed a cyclops
  7951 | D:7      | Noticed Duvessa
  7957 | D:7      | Noticed Dowan
  7965 | D:7      | Killed Duvessa
  7973 | D:7      | Killed Dowan
  8112 | D:7      | Reached ** piety under Sif Muna
  8183 | D:7      | Found an opulent altar of Gozag.
  8246 | D:7      | Noticed Maggie
  8259 | D:7      | Killed Maggie
  8260 | D:7      | Reached XP level 10. HP: 28/60 MP: 13/25
  8601 | D:7      | Found a shadowy altar of Dithmenos.
  8762 | D:7      | Found an iron altar of Okawaru.
  8984 | D:7      | Reached skill level 10 in Spellcasting
  9465 | D:7      | Noticed a gargoyle
  9480 | D:7      | Killed a gargoyle
  9800 | D:7      | Learned a level 6 spell: Summon Cactus Giant
  9908 | D:8      | Noticed Pikel
  9936 | D:7      | Learned a level 5 spell: Summon Forest
 10119 | D:8      | Reached skill level 1 in Translocations
 10184 | D:8      | Reached skill level 10 in Dodging
 10184 | D:8      | Reached skill level 10 in Summonings
 10197 | D:8      | Noticed Erica
 10425 | D:8      | Noticed Maurice
 10457 | D:8      | Killed Maurice
 10861 | D:8      | Killed Pikel
 10862 | D:8      | Reached XP level 11. HP: 66/66 MP: 15/28
 10890 | D:8      | Killed Erica
 11401 | D:9      | Reached *** piety under Sif Muna
 11755 | D:9      | Found a radiant altar of Vehumet.
 11942 | D:9      | Learned a level 5 spell: Summon Mana Viper
 12207 | D:9      | Found a broken altar of Ashenzari.
 12251 | D:10     | Entered Level 10 of the Dungeon
 12251 | D:10     | Found Poidece's Antique Weapon Shoppe.
 12640 | D:10     | Found a staircase to the Lair.
 12969 | D:10     | Found a staircase to the Orcish Mines.
 12971 | D:10     | Noticed a two-headed ogre
 12979 | D:10     | Killed a two-headed ogre
 13520 | D:11     | Reached skill level 5 in Translocations
 13556 | D:11     | Reached **** piety under Sif Muna
 13585 | D:11     | Noticed Harold
 13604 | D:11     | Killed Harold
 13710 | D:11     | Reached XP level 12. HP: 73/73 MP: 22/30
 14046 | D:11     | Noticed a boulder beetle
 14058 | D:11     | Killed a boulder beetle
 14690 | Lair:1   | Entered Level 1 of the Lair of Beasts
 14758 | Lair:1   | Noticed Joseph
 14776 | Lair:1   | Killed Joseph
 16372 | Lair:2   | Noticed Urug
 16382 | Lair:2   | Killed Urug
 17313 | Lair:2   | Found a hole to the Spider Nest.
 17522 | Lair:3   | Noticed a seven-headed hydra
 17632 | Lair:3   | Killed a seven-headed hydra
 17683 | Lair:3   | Noticed an eight-headed hydra
 17693 | Lair:3   | Killed an eight-headed hydra
 17888 | Lair:3   | Found a staircase to the Swamp.
 18026 | Lair:3   | Reached XP level 13. HP: 80/80 MP: 9/33
 18070 | Lair:3   | Reached ***** piety under Sif Muna
 18246 | Lair:3   | Received a gift from Sif Muna
 18249 | Lair:3   | Got Lehudib's Folio of Violence and Tephra {god gift}
 18467 | Lair:3   | Reached skill level 15 in Spellcasting
 19287 | Lair:4   | Reached skill level 10 in Fighting
 19453 | Lair:4   | Learned a level 7 spell: Spellforged Servitor
 19462 | Lair:4   | Learned a level 6 spell: Iron Shot
 19543 | Lair:4   | Found a viscous altar of Jiyva.
 19558 | Lair:4   | Reached skill level 1 in Conjurations
 19700 | Lair:4   | Found a staircase to the Slime Pits.
 20064 | Lair:4   | Found a radiant altar of Vehumet.
 20464 | Lair:5   | Entered Level 5 of the Lair of Beasts
 22456 | Lair:5   | Identified the +4 short sword "Cirikhl Betown" {drain, Fly
                  | rC++ rCorr MP+9}
 22526 | Lair:5   | Reached XP level 14. HP: 88/88 MP: 36/36
 22634 | Lair:5   | Received a gift from Sif Muna
 22635 | Lair:5   | Reached skill level 15 in Dodging
 22978 | Lair:5   | Reached skill level 5 in Conjurations
 23561 | D:11     | Identified a scroll of acquirement
 23562 | D:11     | Acquired 593 gold pieces
 24328 | D:12     | Found a glowing golden altar of the Shining One.
 25596 | D:13     | Reached skill level 1 in Shields
 26530 | D:13     | Found Pyuss's Book Shoppe.
 26535 | D:13     | Bought a Grand Grimoire for 374 gold pieces
 26737 | Orc:1    | Entered Level 1 of the Orcish Mines
 26741 | Orc:1    | Received a gift from Sif Muna
 27143 | Orc:1    | Got Ygugeh's Parchment of Radiant Bodies {god gift}
 27527 | Orc:2    | Entered Level 2 of the Orcish Mines
 28210 | Orc:2    | Reached XP level 15. HP: 95/95 MP: 15/38
 28428 | Orc:2    | Found Veegusag's Weapon Shop.
 28428 | Orc:2    | Found Vaazuach's General Store.
 28430 | Orc:2    | Found Lekeafon's Antique Weapon Shop.
 28430 | Orc:2    | Found Borih's Armour Shoppe.
 28640 | Orc:2    | Found a staircase to the Elven Halls.
 28942 | Orc:2    | Bought a crude flail for 136 gold pieces
 28942 | Orc:2    | Identified the +8 flail of the Protecting Weasel {drain,
                  | rC+ Will+ Dex+4} (You bought it in a shop on level 2 of the
                  | Orcish Mines)
 29084 | D:14     | Noticed Josephine
 29179 | D:14     | Noticed Kirke
 29192 | D:14     | Killed Kirke
 29242 | D:14     | Acquired 1007 gold pieces
 29378 | D:14     | Found a runed translucent door.
 29378 | D:14     | Noticed Uummannaq's ghost (journeyman MiFi)
 29843 | D:14     | Killed Josephine
 30380 | D:14     | Noticed Azrael
 30389 | D:14     | Killed Azrael
 30900 | D:14     | Found a gate to the Vaults.
 31185 | D:14     | Found Amaff's Armour Shop.
 31513 | D:15     | Entered Level 15 of the Dungeon
 31667 | D:15     | Received a gift from Sif Muna
 32108 | D:15     | Found a staircase to the Depths.
 32700 | D:15     | Found a burning altar of Makhleb.
 33409 | D:15     | Learned a level 8 spell: Summon Horrible Things
 33616 | Swamp:1  | Entered Level 1 of the Swamp
 33616 | Swamp:1  | Noticed Louise
 33635 | Swamp:1  | Killed Louise
 33888 | Swamp:1  | Reached XP level 16. HP: 102/102 MP: 19/40
 34495 | Swamp:1  | Received a gift from Sif Muna
 34827 | Swamp:1  | Identified the amulet of Amo Zar {Faith Str+3 Dex+4}
 34967 | Swamp:1  | Noticed Mlioglotl
 34976 | Swamp:1  | Killed Mlioglotl
 35670 | Swamp:2  | Noticed Jorgrun
 35682 | Swamp:1  | Killed Jorgrun
 36596 | Swamp:2  | Found a glowing golden altar of the Shining One.
 37000 | Swamp:2  | Found a runed translucent gate.
 37000 | Swamp:2  | Found a runed translucent gate.
 37000 | Swamp:2  | Found a runed translucent gate.
 37006 | Swamp:2  | Noticed Enkazo Toplu's ghost (adept AtWr)
 37080 | Swamp:3  | Received a gift from Sif Muna
 37112 | Swamp:3  | Got Sif Muna's Lessons on the Ghastly Wayfarer {god gift}
 37774 | Swamp:4  | Entered Level 4 of the Swamp
 37989 | Swamp:4  | Noticed a thorn hunter
 37998 | Swamp:4  | Killed a thorn hunter
 37999 | Swamp:4  | Reached skill level 15 in Summonings
 38707 | Swamp:4  | Reached XP level 17. HP: 67/109 MP: 35/42
 39734 | Swamp:4  | Got a decaying rune of Zot
 40001 | Swamp:2  | Killed Enkazo Toplu's ghost
 40109 | Swamp:2  | Reached XP level 18. HP: 116/116 MP: 43/43
 40652 | Elf:1    | Entered Level 1 of the Elven Halls
 41576 | Elf:1    | Received a gift from Sif Muna
 41578 | Elf:1    | Got Sif Muna's Discursus on Energetic Weather {god gift}
 42064 | Elf:1    | Got Vehumet's Grimoire of Blasts
 42438 | Elf:1    | Learned a level 7 spell: Malign Gateway
 42469 | Elf:2    | Found Ufunie's Book Shop.
 42469 | Elf:2    | Found Eshorhyi's Assorted Antiques.
 43161 | Spider:1 | Entered Level 1 of the Spider Nest
 43176 | Spider:1 | Noticed Donald
 43189 | Spider:1 | Killed Donald
 45249 | Spider:2 | Received a gift from Sif Muna
 45250 | Spider:2 | Got Cuihoboi's Omnibus of the Destructive Serac {god gift}
 45414 | Spider:2 | Noticed Agnes
 45418 | Spider:2 | Killed Agnes
 45993 | Spider:3 | Noticed Asterion
 46241 | Spider:2 | Killed Asterion
 46537 | Spider:3 | Noticed Mara
 47263 | Spider:3 | Killed Mara
 47266 | Spider:3 | Reached skill level 15 in Fighting
 47317 | Spider:3 | Reached XP level 19. HP: 53/124 MP: 1/44
 47919 | Spider:3 | Identified the +4 hand axe of Evolution {spect, rC+ rN+
                  | Int+2}
 48257 | Spider:4 | Entered Level 4 of the Spider Nest
 49496 | Spider:4 | Noticed Arachne
 49505 | Spider:4 | Killed Arachne
 50125 | Spider:4 | Received a gift from Sif Muna
 52838 | Spider:4 | Got a gossamer rune of Zot
 53326 | Elf:2    | Received a gift from Sif Muna
 53733 | Elf:2    | Bought 2 potions of mutation for 272 gold pieces
 53733 | Elf:2    | Bought a potion of heal wounds for 85 gold pieces
 53733 | Elf:2    | Found Wiugiosk's Jewellery Shoppe.
 53977 | Elf:2    | Noticed Nikola
 53987 | Elf:2    | Found a runed translucent gate.
 53987 | Elf:2    | Found a runed translucent gate.
 53987 | Elf:2    | Found a runed translucent gate.
 53995 | Elf:2    | Killed Nikola
 54203 | Elf:2    | Found Ipiuchei's Assorted Antiques.
 54211 | Elf:2    | Bought a scroll of summoning for 361 gold pieces
 54429 | Elf:3    | Entered Level 3 of the Elven Halls
 56945 | Elf:3    | Identified the +0 robe "Wuekim" {Int+3 Dex+3}
 56947 | Elf:3    | Identified the +0 ring mail of the Game Afoot {Rampage
                  | rElec Int+4 Slay+2}
 57460 | Elf:2    | Reached XP level 20. HP: 74/132 MP: 19/46
 57593 | Elf:3    | Identified the staff of fire "Qochusa" {rF+ rN+ Will+
                  | Dex-2}
 58216 | Elf:3    | Identified the staff of poison "Caetulaps" {rPois rN+++
                  | Str+4 Int-4}
 58219 | Elf:3    | Got the Directory of the Boreal Gestalt
 58238 | Elf:3    | Identified the staff of air "Sedweedaza" {rElec rF+ rCorr
                  | Dex+4}
 58257 | Elf:3    | Got the Folio of the Shifting Birds
 58720 | D:14     | Upgraded the game from 0.30-a0-948-g4fa250aae5 to
                  | 0.30-a0-949-g53dc5368d7
 58723 | Vaults:1 | Entered Level 1 of the Vaults
 59404 | Vaults:1 | Received a gift from Sif Muna
 59405 | Vaults:1 | Got Burext's Compilation of the Voyage {god gift}
 59676 | Vaults:1 | Reached skill level 1 in Earth Magic
 60920 | Vaults:1 | Received a gift from Sif Muna
 60921 | Vaults:1 | Got Sif Muna's Atlas of Sidekicks {god gift}
 62442 | Vaults:2 | Found a staircase to the Crypt.
 63803 | Vaults:2 | Noticed Jory
 63823 | Vaults:2 | Killed Jory
 63824 | Vaults:2 | Reached skill level 1 in Invocations
 64224 | Vaults:3 | Reached XP level 21. HP: 134/144 MP: 36/47
 64873 | Vaults:3 | Received a gift from Sif Muna
 64880 | Vaults:3 | Reached skill level 5 in Invocations
 65721 | Vaults:3 | Found Fis Cyfa's General Store.
 66645 | Vaults:3 | Found a portal to a secret trove of treasure.
 67221 | Vaults:4 | Reached skill level 10 in Invocations
 67553 | Vaults:4 | Received a gift from Sif Muna
 67626 | Vaults:4 | Noticed Frederick
 67632 | Vaults:4 | Killed Frederick
 69564 | Crypt:1  | Entered Level 1 of the Crypt
 70229 | Crypt:1  | Received a gift from Sif Muna
 70232 | Crypt:1  | Got Asmodeus's Tractate on Combined Percussion {god gift}
 71206 | Crypt:1  | Identified the +6 dagger of Peace {heavy, Int+3}
 71703 | Crypt:1  | Reached XP level 22. HP: 149/149 MP: 30/48
 72336 | Crypt:2  | Reached skill level 15 in Invocations
 73829 | Crypt:2  | Received a gift from Sif Muna
 73837 | Crypt:2  | Found an ancient bone altar of Kikubaaqudgha.
 74135 | Crypt:2  | Identified the +0 scale mail "Hytix" {rF+ Dex+3}
 74569 | Crypt:3  | Entered Level 3 of the Crypt
 74667 | Crypt:3  | Found a magical portal.
 74674 | WizLab   | Entered Borgnjor's Mausoleum
 76582 | Crypt:3  | Noticed a royal mummy
 76583 | Crypt:3  | Noticed Khufu
 76600 | Crypt:3  | Killed a royal mummy
 76605 | Crypt:3  | Noticed a royal mummy
 76608 | Crypt:3  | Killed Khufu
 76618 | Crypt:3  | Killed a royal mummy
 77446 | Crypt:3  | Reached ****** piety under Sif Muna
 77450 | Crypt:3  | Received a gift from Sif Muna
 77654 | Crypt:3  | Got Sif Muna's Almanac of Dislocation {god gift}
 78111 | Crypt:3  | Got Sif Muna's Compilation of Vexing Frost
 78638 | Crypt:3  | Noticed a dread lich
 78669 | Crypt:3  | Found a staircase to the Tomb.
 78814 | Crypt:3  | Identified the staff of fire "Kanef" {rF+ Dex+2 SInv}
 78814 | Crypt:3  | Noticed a royal mummy
 79017 | Crypt:3  | Killed a royal mummy
 79223 | Crypt:3  | Noticed a royal mummy
 79291 | Crypt:3  | Reached XP level 23. HP: 151/152 MP: 31/49
 79593 | Crypt:3  | Killed a royal mummy
 80551 | Slime:1  | Entered Level 1 of the Pits of Slime
 81036 | Slime:2  | Received a gift from Sif Muna
 81108 | Slime:2  | Got Sif Muna's Parchment of Septic Energy {god gift}
 82652 | Slime:5  | Entered Level 5 of the Pits of Slime
 83362 | Slime:5  | Noticed the Royal Jelly
 83367 | Slime:5  | Received a gift from Sif Muna
 83395 | Slime:5  | Killed the Royal Jelly
 83678 | Slime:5  | Identified the staff of cold "Plog" {Fly rF+ rC+ Dex+2}
 83682 | Slime:5  | Got a slimy rune of Zot
 83693 | Slime:5  | Identified the +1 kite shield "Binoeq" {Harm Slay+2}
 83695 | Slime:5  | Identified the +6 short sword of Yshryrchekh {drain, rF++
                  | rCorr Int+3}
 83696 | Slime:5  | Identified the +4 battleaxe of the Slime-mould {flame,
                  | *Rage rF- rC+++ rCorr}
 83704 | Slime:5  | Identified the +3 broad axe of Upheaval {flame, rF++ Will-}
 83734 | Slime:5  | Identified the +8 mace "Uggay" {venom, Int+5}
 83746 | Slime:5  | Identified the ring of Kala Kirgh {rPois AC+4 Str+2}
 83779 | Slime:5  | Identified the +7 battleaxe of Defiance {drain, Str+3}
 83781 | Slime:5  | Identified the staff of cold "Sitiun" {rC+ Str+5}
 83849 | Slime:5  | Got Sif Muna's Spellbook of the Gang and Shapeshifting {god
                  | gift}
 84000 | Slime:5  | Learned a level 7 spell: Haunt
 84008 | Slime:5  | Learned a level 7 spell: Monstrous Menagerie
 84527 | Depths:1 | Entered Level 1 of the Depths
 84582 | Depths:1 | Reached skill level 1 in Necromancy
 84721 | Depths:1 | Found Uwuziok's Antique Weapon Emporium.
 85279 | Depths:1 | Noticed Bai Suzhen
 85289 | Depths:1 | Killed Bai Suzhen
 85416 | Depths:1 | Reached skill level 5 in Necromancy
 85952 | Depths:1 | Found a one-way gate leading to the halls of Pandemonium.
 86049 | Depths:1 | Identified the +1 double sword of the Lame Duck {flame,
                  | Str+4}
 86266 | Depths:1 | Found a one-way gate to the infinite horrors of the Abyss.
 86309 | Depths:1 | Found a gateway to Hell.
 86656 | Depths:2 | Reached skill level 1 in Armour
 87585 | Depths:2 | Reached XP level 24. HP: 160/160 MP: 32/50
 87730 | Depths:2 | Received a gift from Sif Muna
 87731 | Depths:2 | Got Sif Muna's Elucidation of Ill-starred Open Graves {god
                  | gift}
 88351 | Depths:2 | Noticed the Enchantress
 88361 | Depths:2 | Killed the Enchantress
 88611 | Depths:2 | Identified the staff of air "Kipat" {rElec rPois Will+}
 88697 | Depths:2 | Found a snail-covered altar of Cheibriados.
 89123 | Depths:2 | Found Nyshrom's Jewellery Shoppe.
 89124 | Depths:2 | Found Ujeug's Book Boutique.
 89124 | Depths:2 | Found Wiuggiw's Book Boutique.
 89280 | Depths:3 | You fall into a shaft and drop 1 floor!
 89280 | Depths:4 | Entered Level 4 of the Depths
 90097 | Depths:3 | Found a one-way gateway to a ziggurat.
 91907 | Depths:4 | Noticed a juggernaut
 91921 | Depths:4 | Killed a juggernaut
 91922 | Depths:4 | Reached skill level 5 in Armour
 92418 | Depths:4 | Received a gift from Sif Muna
 92424 | Depths:4 | Got Sif Muna's Directory of Petrified Convocation {god
                  | gift}
 93993 | Depths:4 | Found a gate to the Realm of Zot.
 94288 | Zot:1    | Entered Level 1 of the Realm of Zot
 95492 | Zot:4    | Found the +4 dragonskin cloak
 95492 | Zot:4    | Noticed Tiamat
 95536 | Zot:4    | Reached XP level 25. HP: 166/167 MP: 27/50
 95572 | Zot:4    | Killed Tiamat
 95816 | Zot:5    | Entered Level 5 of the Realm of Zot
 96099 | Zot:5    | Found Jenlosuo's CLEARANCE SALE!.
 96106 | Zot:5    | Bought a potion of cancellation for 16 gold pieces
 96656 | Zot:5    | Noticed an ancient lich
 96698 | Zot:5    | Noticed an orb of fire
 96714 | Zot:5    | Noticed a dread lich
 96724 | Zot:5    | Noticed an orb of fire
 96747 | Zot:5    | Killed a dread lich
 96747 | Zot:5    | Received a gift from Sif Muna
 96951 | Zot:5    | Noticed an ancient lich
 96956 | Zot:5    | Noticed a dread lich
 96972 | Zot:5    | Killed an ancient lich
 97118 | Zot:5    | Noticed a Killer Klown
 97128 | Zot:5    | Learned a level 2 spell: Blink
 97369 | Zot:5    | Noticed a Killer Klown
 97404 | Zot:5    | Noticed an ancient lich
 97416 | Zot:5    | Killed an ancient lich
 97541 | Zot:5    | Killed a dread lich
 97606 | Zot:5    | Killed an orb of fire
 97692 | Zot:5    | Killed a Killer Klown
 97701 | Zot:5    | Noticed a dread lich
 97705 | Zot:5    | Killed a dread lich
 97815 | Zot:5    | Noticed a Killer Klown
 97824 | Zot:5    | Killed a Killer Klown
 98103 | Zot:5    | Killed an ancient lich
 98290 | Zot:5    | Killed a Killer Klown
 98973 | Zot:5    | Noticed an ancient lich
 98984 | Zot:5    | Killed an ancient lich
 99308 | Zot:5    | Got the Orb of Zot
 99313 | Zot:5    | Noticed a Killer Klown
 99488 | Depths:4 | Gained mutation: You sometimes lose your temper in combat.
                  | [a neqoxec]
 99492 | Depths:3 | Lost mutation: You sometimes lose your temper in combat.
                  | [potion of mutation]
 99492 | Depths:3 | Gained mutation: You are partially covered in iridescent
                  | scales. (AC +2) [potion of mutation]
 99492 | Depths:3 | Gained mutation: Your system is resistant to poisons.
                  | (rPois) [potion of mutation]
 99492 | Depths:3 | Gained mutation: You are mostly covered in iridescent
                  | scales. (AC +4) [potion of mutation]
 99839 | D:2      | Noticed a seraph
 99907 | D:$      | Escaped with the Orb!

Illustrated notes

Levels and vault maps discovered:
D:1:      zelgadis_glass_arrival_small, layout_basic
D:2:      layout_basic, minmay_misc_feat_doors, kennysheep_generic_room_8
D:3:      layout_loops_cross, amethyst_overflow_temple_binary, serial_shops,
          nicolae_shop_statue_plus, gammafunk_ghost_mausoleum,
          saegor_snake_ambush, uniq_ijyb
D:4:      layout_basic, mainiacjoe_overflow_surrounded_room,
          nicolae_ossuary_entry_ruins
D:5:      layout_rooms, nicolae_yredelemnul_corpse_copse,
          nemelex_xobeh_ov_fountains_minmay, minmay_temple_entry_mist,
          hangedman_decor_peaks_small
D:6:      layout_basic, nicolae_qazlal_style_of_elements,
          kiku_gazebo_garden_becter
D:7:      nzn_winding_woodlands_stair_cross [nzn_winding_woodlands_5x15_twine,
          nzn_winding_woodlands_center_lodge,
          nzn_winding_woodlands_5x15_pathside_ponds,
          nzn_winding_woodlands_5x5_three, nzn_winding_woodlands_5x5_open_star,
          nzn_winding_woodlands_5x15_crooked,
          nzn_winding_woodlands_center_garden,
          nzn_winding_woodlands_5x15_split_checker], layout_basic,
          mainiacjoe_overflow_brackets, grunt_dithmenos_shadows, fedhas_altar_3,
          nicolae_gozag_cash_rules_everything_around_me, minmay_misc_feat_iff,
          uniq_maggie, uniq_duvessa, uniq_prince_ribbit1
D:8:      layout_basic, minivault_5, dreamdust_gnoll_shepherd, uniq_maurice,
          uniq_pikel, uniq_erica
D:9:      minmay_evil_eye, layout_cave_pools, fiery_altar_vehumet,
          lemuel_coloured_pillars_altar
D:10:     layout_cross, david_lair_shrubbed, orc_0_dummy, serial_shops,
          nicolae_stop_n_shop_1
D:11:     nicolae_cairo_tiling_large, layout_grid_maze,
          hangedman_abyss_or_decor_stagger, minivault_21, uniq_harold
D:12:     layout_basic, nicolae_tso_carved_into_rock
D:13:     layout_basic, serial_shops, shop, grunt_ministairs_13
D:14:     layout_roguey, grunt_vaults_entry_fortified,
          ebering_ghost_reflecting_pool, nicolae_twisting_strands, st_stairs_1,
          nicolae_inconvenience_store, uniq_josephine, uniq_azrael, uniq_kirke
D:15:     grunt_enter_depths_magical_seal, layout_stronghold, nrook_campfire,
          glass_columns_b, bloody_makhleb
Temple:   kb_temple_of_zot
Lair:1:   layout_cave_pods, grunt_megastairs_5, serial_bayou_shore_b,
          uniq_joseph
Lair:2:   layout_regular_city, nicolae_spider_entry_non_spiders, serial_rivers,
          chequers_serial_rivers_marsh, chequers_serial_rivers_room_a,
          chequers_serial_rivers_room_b, chequers_serial_rivers_large_a,
          chequers_serial_rivers_small_3, infiniplex_staircase_pool_2, uniq_urug
Lair:3:   layout_chaotic_city, swamp_mist_pool, grunt_megastairs_3
Lair:4:   layout_concentric_octagons, nicolae_slime_entry_field_trip,
          basic_altar
Lair:5:   minmay_lair_end_enchanted_forest, layout_hall_layers,
          serial_bayou_shore_b, serial_bayou_shore_a
Swamp:1:  layout_basic_swamp, nicolae_swamp_feature_on_the_river_bank,
          swamp_pool1, beargit_elvish_explorers, uniq_louise, uniq_mlioglotl
Swamp:2:  layout_falls_marsh, gammafunk_ghost_necromancy,
          nicolae_swamp_godswood, swamp_pool1, grunt_hermit_hut,
          infiniplex_staircase_pool, uniq_jorgrun
Swamp:3:  layout_falls_marsh, evilmike_swamp_ruin_rubble_1
Swamp:4:  swamp_fiery, layout_basic_swamp
Spider:1: layout_cave_pods, drop_trap, hellmonk_deceptive_appearances,
          uniq_donald
Spider:2: layout_spider_delve, uniq_agnes
Spider:3: layout_spider_delve, drop_trap, uniq_mara, uniq_asterion
Spider:4: spider_rune_water, drop_trap, nicolae_spider_twisty_arc_passages,
          uniq_arachne
Slime:1:  layout_caves, cheibrodos_slime_lost_civilization_6
Slime:2:  layout_caves
Slime:3:  layout_caves, cheibrodos_slime_lost_civilization_5
Slime:4:  layout_caves, cheibrodos_slime_lost_civilization_4
Slime:5
Orc:1:    layout_diamond_mine, gammafunk_ghost_cemetery, mines2_lemuel
Orc:2:    grunt_orc_tribal_feast, layout_diamond_mine
Elf:1:    eino_elf_arrival_shootout, layout_geoelf_octagon,
          minmay_elf_annihilation, grunt_ministairs_4
Elf:2:    nicolae_elf_blades_splatter_lattice [nicolae_blade_tridents],
          layout_loops_ring, serial_shops, shop, nicolae_square_shop,
          nicolae_shop_stone, nicolae_shop_advertising_works
          [nicolae_subvault_shop_adworks], shop, uniq_nikola
Elf:3:    elf_hall, layout_gridlike, minmay_strange_pillars
Vaults:1: ontoclasm_vaults_decontamination, vaults_room_ringed_pool,
          nicolae_vaults_an_arrangement, v_pattern_5, v_misc_3,
          hangedman_vaults_corner_blocks, v_alt_pattern_6, vaults_dpeg_doors,
          grunt_vaults_funnel, nicolae_vaults_what_the_h,
          dpeg_vaults_monster_row, layout_vaults_big_room
Vaults:2: minmay_crypt_entry_simple_plaza, nicolae_vaults_yaktaur_gun_rack,
          vaults_mumra_lcd, nicolae_vaults_stairing_the_circle,
          ontoclasm_vaults_tryst, v_misc_22, st_spiral_rooms,
          grunt_vaults_hallway_short, ontoclasm_vaults_chip,
          nicolae_vaults_gold_heap, nicolae_vaults_angled_halls,
          nicolae_vaults_theta, v_misc_3, dpeg_vaults_monster_box,
          layout_vaults_omnicross, uniq_jory
Vaults:3: v_misc_13, v_rooms_2, hangedman_vaults_locks, v_misc_29,
          grunt_vaults_focal, hangedman_vaults_trim, ontoclasm_vaults_gateway,
          nicolae_vaults_network_quinsquares
          [nicolae_vaults_network_quincunx_subvault,
          nicolae_vaults_network_quincunx_subvault,
          nicolae_vaults_network_quincunx_subvault,
          nicolae_vaults_network_quincunx_subvault], nicolae_vaults_little_ls,
          ontoclasm_vaults_ligature, ontoclasm_vaults_eye, vaults_room_hallway,
          vaults_room_hallway, layout_vaults_omnibox,
          nicolae_trove_entry_columns, serial_shops, nicolae_shop_trees
Vaults:4: v_rooms_1, nicolae_vaults_network_barrier, vaults_mumra_chevron,
          nicolae_vaults_little_squares_2, nicolae_vaults_triangles,
          vaults_room_fours, ontoclasm_vaults_misaligned, hangedman_vaults_trim,
          nicolae_vaults_murderbox, layout_vaults_maze_bifur, uniq_frederick
Crypt:1:  layout_basic, st_stairs_4, hex_tiny, nicolae_crypt_twisting_catacombs,
          st_chilly_death
Crypt:2:  layout_misc_corridors, nicolae_nh_vlads_tower
Crypt:3:  david_glass_crypt, layout_misc_corridors, tomb_entry_simple_bobbens,
          mu_enter_wizlab_4, st_burial_chamber, uniq_khufu
Depths:1: layout_basic, grunt_pan_entry_spiral, abyss_entry,
          pf_dread_powers_of_hell, glass_columns_c, nicolae_rock_paper_scissors,
          minmay_shop_star, uniq_bai_suzhen
Depths:2: pf_snail_temple, layout_cave_pools,
          nicolae_abyss_entry_one_way_or_another, hell_entry, pan_entry,
          kennysheep_generic_room_2, infiniplex_staircase_squiggle,
          minmay_shop_grove, uniq_enchantress
Depths:3: minmay_isolated_rectangles_in_corner, layout_honeycomb,
          enter_ziggurat_e, minmay_stone_trees_medium, hell_entry, abyss_entry,
          minmay_door_square, minmay_staircase_bubble
Depths:4: grunt_zot_entry_bicorn, layout_cave_shapes, abandoned_shop,
          grunt_mini_vestibule
Zot:1:    kennysheep_room_grid, layout_onion_interference
Zot:2:    layout_cathedral_of_symmetry, hangedman_zot_wheel_spokes,
          grunt_megastairs_4
Zot:3:    layout_onion
Zot:4:    layout_cellular_growth, uniq_tiamat
Zot:5:    layout_gridlike, nicolae_shop_clearance

Skill      XL: |  1  2  3  4  5  6  7  8  9 10 11 12 13 14 15 16 17 18 19 20 21 22 23 24 25 |
---------------+----------------------------------------------------------------------------+-----
Dodging        | 3 4 5 6 7 8 10 11 13 14 16 17 18 19 | 19.0
Fighting       | 1 2 3 4 5 6 7 9 10 11 12 13 15 16 19 20 | 20.6
Spellcasting   | 4 5 6 7 9 11 12 14 16 17 18 19 20 21 22 | 22.8
Summonings     | 5 6 7 9 10 11 12 13 15 16 18 20 21 22 23 | 23.0
Air Magic      | 1 3 |  3.0
Translocations | 2 5 7 8 |  8.0
Conjurations   | 4 7 |  7.4
Shields        | 2 4 |  4.0
Earth Magic    | 3 |  3.0
Invocations    | 2 14 20 21 22 23 | 23.1
Necromancy     | 8 |  8.0
Armour         | 2 6 9 |  9.0
Stealth        | |  2.4

Action                     |  1- 3 |  4- 6 |  7- 9 | 10-12 | 13-15 | 16-18 | 19-21 | 22-24 | 25-27 || total
---------------------------+-------+-------+-------+-------+-------+-------+-------+-------+-------++-------
  Melee: Unarmed           |     3 |       |       |       |       |       |       |       |       ||     3
         Short sword       |     8 |     9 |       |       |    41 |    25 |       |    11 |    13 ||   107
         Dagger            |       |    29 |    51 |    54 |    41 |       |       |       |       ||   175
         Punch             |       |       |     2 |     1 |     1 |       |       |       |       ||     4
         Flail             |       |       |       |       |    29 |    24 |    43 |       |       ||    96
         Staff             |       |       |       |       |       |       |    21 |    16 |       ||    37
  Throw: Dart              |       |       |       |     1 |       |       |     1 |       |       ||     2
         Throwing net      |       |       |       |       |       |       |     1 |       |       ||     1
   Cast: Summon Small Mamm |    48 |    49 |    39 |    26 |     2 |       |       |       |       ||   164
         Call Imp          |    11 |    22 |    15 |     6 |       |       |       |       |       ||    54
         Call Canine Famil |     1 |    21 |    24 |    39 |    19 |       |     1 |       |       ||   105
         Summon Guardian G |       |     1 |    12 |    21 |     3 |       |     1 |       |       ||    38
         Summon Lightning  |       |       |    11 |    65 |    99 |    36 |    26 |     6 |       ||   243
         Summon Cactus Gia |       |       |       |    46 |   143 |   107 |   234 |   202 |    33 ||   765
         Summon Forest     |       |       |       |    22 |    37 |    31 |    25 |    31 |     1 ||   147
         Summon Mana Viper |       |       |       |    15 |    80 |    50 |    88 |    57 |    29 ||   319
         Spellforged Servi |       |       |       |       |     2 |    85 |   167 |   148 |    37 ||   439
         Summon Horrible T |       |       |       |       |       |    12 |    10 |    48 |    17 ||    87
         Malign Gateway    |       |       |       |       |       |     2 |    47 |    56 |    12 ||   117
         Monstrous Menager |       |       |       |       |       |       |       |    89 |    21 ||   110
         Haunt             |       |       |       |       |       |       |       |     2 |     7 ||     9
         Dragon's Call     |       |       |       |       |       |       |       |     1 |       ||     1
         Blink             |       |       |       |       |       |       |       |       |     3 ||     3
 Invoke: Channel Magic     |       |       |       |       |       |       |     2 |     6 |     1 ||     9
         Divine Exegesis   |       |       |       |       |       |       |       |     1 |       ||     1
  Evoke: Wand              |       |       |       |     2 |     3 |     1 |     8 |     7 |     1 ||    22
         Phantom mirror    |       |       |       |       |     1 |     2 |     2 |       |     1 ||     6
         Box of beasts     |       |       |       |       |     1 |     1 |       |       |       ||     2
         Condenser vane    |       |       |       |       |       |       |     2 |     1 |     1 ||     4
    Use: Scroll            |     4 |     9 |     3 |    17 |    10 |     3 |    12 |    16 |     5 ||    79
         Potion            |       |     1 |       |     4 |     3 |     5 |     5 |     5 |     5 ||    28
   Stab: Distracted        |       |     1 |     2 |     2 |     5 |     2 |     3 |     2 |       ||    17
         Paralysed         |       |       |       |     4 |       |       |       |       |       ||     4
         Sleeping          |       |       |       |       |       |     1 |       |       |       ||     1
 Armour: Robe              |     4 |    13 |    10 |       |       |       |       |       |       ||    27
         Steam dragon scal |       |       |       |    12 |    46 |    50 |    11 |       |       ||   119
         Troll leather arm |       |       |       |       |       |       |    44 |    61 |    42 ||   147
         Leather armour    |       |       |       |       |       |       |    10 |    86 |       ||    96
  Dodge: Dodged            |    17 |    27 |    40 |    80 |   167 |   211 |   243 |   345 |    80 ||  1210
  Block: Other             |       |    11 |    12 |    22 |    22 |       |       |       |       ||    67
         Reflection        |       |       |     2 |     2 |    13 |     9 |     5 |       |       ||    31
         Buckler           |       |       |       |       |    72 |   108 |   114 |    78 |    26 ||   398

Table legend: (Time is in decaauts)
 A = Elapsed time spent in this place.
 B = Non-inter-level travel time spent in this place.
 C = Inter-level travel time spent in this place.
 D = Time resting spent in this place.
 E = Time spent auto-exploring this place.
 F = Levels seen in this place.
 G = Mean time per level.
                   A        B        C        D        E       F      G
               +--------+--------+--------+--------+--------+-----+--------+
         Total | 100208 |  94624 |   5584 |  33334 |  40316 |  57 | 1758.0 |
       Dungeon |  23393 |  21562 |   1831 |   5144 |  11566 |  15 | 1559.5 |
        Temple |    166 |    112 |     54 |      0 |    102 |   1 |  166.0 |
          Lair |   9562 |   8932 |    630 |   2419 |   5186 |   5 | 1912.4 |
         Swamp |   6672 |   6385 |    287 |   2505 |   2589 |   4 | 1668.0 |
   Spider Nest |   9972 |   9573 |    399 |   4791 |   3046 |   4 | 2493.0 |
    Slime Pits |   3484 |   3337 |    147 |   1386 |   1069 |   5 |  696.8 |
  Orcish Mines |   2205 |   1775 |    430 |    570 |    811 |   2 | 1102.5 |
   Elven Halls |   7662 |   7219 |    443 |   2582 |   2759 |   3 | 2554.0 |
        Vaults |  10984 |  10410 |    574 |   3473 |   4968 |   4 | 2746.0 |
         Crypt |   8941 |   8387 |    554 |   2998 |   3096 |   3 | 2980.3 |
        Depths |  10162 |   9976 |    186 |   3972 |   4263 |   4 | 2540.5 |
           Zot |   4923 |   4878 |     45 |   2386 |    648 |   5 |  984.6 |
       Ossuary |    381 |    381 |      0 |    177 |     76 |   1 |  381.0 |
        Wizlab |   1693 |   1693 |      0 |    930 |    135 |   1 | 1693.0 |
               +--------+--------+--------+--------+--------+-----+--------+

Top non-repeatable levels by time:
Spider:4: 4786 daAuts
   Zot:5: 3549 daAuts
   Elf:3: 3484 daAuts
Depths:4: 3467 daAuts
 Crypt:1: 3322 daAuts
 Crypt:3: 3226 daAuts
Vaults:1: 3178 daAuts
Spider:2: 3029 daAuts
  Lair:5: 3017 daAuts
Vaults:3: 3016 daAuts
Depths:2: 2827 daAuts
     D:7: 2798 daAuts
Vaults:2: 2549 daAuts
    D:14: 2539 daAuts
   Elf:1: 2422 daAuts
